 Dungeon Crawl Stone Soup version 0.29-a0-322-g68df515428 (webtiles) character file.

Game seed: 6860798148957734029

88 grgax the Caller (level 4, 0/32 HPs)
             Began as a Demonspawn Summoner on Apr 7, 2022.
             Was a Follower of Qazlal.
             Slain by a phantom (5 damage)
             ... on level 4 of the Dungeon.
             The game lasted 00:08:52 (4017 turns).

grgax the Caller (Demonspawn Summoner)              Turns: 4017, Time: 00:08:52

Health: 0/32       AC:  4    Str:  8    XL:     4   Next: 29%
Magic:  5/7        EV: 12    Int: 22    God:    Qazlal [*.....]
Gold:   178        SH:  5    Dex: 14    Spells: 5/8 levels left

rFire   . . .      SeeInvis +   c - +0 whip
rCold   . . .      Faith    .   d - +0 buckler
rNeg    . . .      Spirit   .   a - +0 robe
rPois   .          Reflect  .   i - +0 helmet
rElec   .          Harm     .   (no cloak)
rCorr   .          Rampage  .   (no gloves)
Will    .....                   l - +0 pair of boots
Stlth   ++........              (no amulet)
HPRegen 0.10/turn               h - ring of see invisible
MPRegen 0.10/turn               (no ring)

@: no status effects
A: big brain 2
a: Renounce Religion


You were on level 4 of the Dungeon.
You worshipped Qazlal.
Qazlal was aware of your devotion.
You visited 1 branch of the dungeon, and saw 4 of its levels.

You collected 178 gold pieces.

Inventory:

Hand Weapons
 c - a +0 whip (weapon)
Armour
 a - a +0 robe (worn)
 d - a +0 buckler (worn)
 i - a +0 helmet (worn)
 k - a +0 leather armour
 l - a +0 pair of boots (worn)
Magical Staves
 g - a staff of air
Jewellery
 h - a ring of see invisible (left hand)
 o - a ring of protection from cold
 p - a ring of flight
Scrolls
 e - 3 scrolls of blinking {unknown}
 f - a scroll of amnesia {unknown}
 n - a scroll of teleportation {unknown}
Potions
 b - a potion of magic
 j - a potion of lignification {unknown}
 m - a potion of attraction {unknown}
 q - a potion of degeneration {unknown}
 r - a potion of haste {unknown}
 s - a potion of mutation {unknown}


   Skills:
 + Level 1.3 Fighting
 + Level 2.4 Dodging
 + Level 2.5 Stealth
 + Level 2.6 Spellcasting
 + Level 4.4 Summonings


You had 5 spell levels left.
You knew the following spells:

 Your Spells              Type           Power      Damage    Failure   Level
a - Summon Small Mammal   Summ           88%        N/A       2%          1
b - Call Imp              Summ           22%        N/A       4%          2

Your spell library contained the following spells:

 Spells                   Type           Power      Damage    Failure   Level
 Call Canine Familiar     Summ           22%        N/A       9%          3
 Shock                    Conj/Air       8%         1d3       19%         1
 Summon Guardian Golem    Hex/Summ       12%        N/A       22%         3
 Corpse Rot               Necr/Air       4%         N/A       26%         2
 Poisonous Vapours        Pois/Air       4%         N/A       26%         2
 Swiftness                Air            2%         N/A       47%         3
 Summon Lightning Spire   Summ/Air       12%        N/A       56%         4
 Airstrike                Air            1%         N/A       87%         4


Dungeon Overview and Level Annotations

Branches:
Dungeon (4/15)
 Temple: D:4-7

Altars:
Elyvilon
Qazlal
Uskayaw


Innate Abilities, Weirdness & Mutations

You have an extremely huge brain. (Int +4)


Message History

You are too injured to fight recklessly!
You are too injured to fight recklessly!
You are too injured to fight recklessly!
You are too injured to fight recklessly!
You are too injured to fight recklessly!
You are too injured to fight recklessly!
You are too injured to fight recklessly!
You are too injured to fight recklessly!
You are too injured to fight recklessly!
You are too injured to fight recklessly!
You are too injured to fight recklessly!
You are too injured to fight recklessly!
You are too injured to fight recklessly!
You are too injured to fight recklessly!
You hit the phantom.
The phantom is moderately damaged.
Your quokka misses the phantom. You block the phantom's attack.
You closely miss the phantom.
The phantom is moderately damaged.
Your quokka misses the phantom. The phantom hits you.
Your quokka bites the phantom.
You closely miss the phantom.
The phantom is moderately damaged.
The phantom closely misses you.
Your quokka barely misses the phantom.
Casting: Summon Small Mammal (safe; 2% risk of failure)
Confirm with . or Enter, or press ? or * to list all spells.
A beastly little devil appears in a puff of frigid air.
Your quokka bites the phantom.
The phantom completely misses your quokka.
You hit the phantom.
The phantom is heavily damaged.
Your quokka misses the phantom. The phantom hits you.
* * * LOW HITPOINT WARNING * * *
The phantom blinks!
You blink.
The phantom attacks as you move away! The phantom hits you.
* * * LOW HITPOINT WARNING * * *
The phantom closely misses you. The phantom attacks as you move away!
You block the phantom's attack. The phantom attacks as you move away!
The phantom hits you.
You die...

###############
#............$#
#.............#
#......r.°....#
#.............#
#.......5W....#
#........@....#
#...#####....#########
#...# ##....#........
#...# ..<...'........
#...# ......#........
#...# ......#........
#...# ......#........
#...+ .......#§.......
#...# .. #).......


You could see a phantom (ally target), a friendly white imp (summoned) and a
friendly quokka (summoned).

Vanquished Creatures
  An adder (D:3)
  2 dart slugs (D:1)
  7 ball pythons
  4 bats
  4 endoplasms
  2 giant cockroaches
  4 hobgoblins
  2 kobolds
  2 quokkas (D:1)
  3 frilled lizards
  3 goblins (D:1)
34 creatures vanquished.

Vanquished Creatures (collateral kills)
  An adder (D:3)
  2 worms (D:2)
  2 dart slugs
  An orc (D:3)
  2 bats (D:3)
  3 endoplasms
  2 hobgoblins
  A kobold (D:4)
  A ball python (D:2)
  2 frilled lizards (D:1)
  A rat (D:3)
18 creatures vanquished.

Grand Total: 52 creatures vanquished

Notes
Turn   | Place    | Note
-------+----------+-------------------------------------------
     0 | D:1      | grgax the Demonspawn Summoner began the quest for the Orb.
     0 | D:1      | Reached XP level 1. HP: 13/13 MP: 3/3
    30 | D:1      | You fall into a shaft and drop 1 floor!
   209 | D:2      | Gained mutation: You have an unusually large brain. (Int
                  | +2) [demonic ancestry]
   209 | D:2      | Reached XP level 2. HP: 19/19 MP: 0/5
   974 | D:1      | Reached XP level 3. HP: 17/25 MP: 3/6
  1229 | D:1      | Learned a level 2 spell: Call Imp
  1940 | D:1      | Reached skill level 1 in Fighting
  2253 | D:1      | Found a faded altar of an unknown god.
  2267 | D:1      | Prayed at the altar of an unknown god.
  2267 | D:1      | Became a worshipper of Qazlal Stormbringer
  2267 | D:1      | Reached * piety under Qazlal
  2915 | D:3      | Noticed a sky beast
  2961 | D:3      | Gained mutation: You have an extremely huge brain. (Int +4)
                  | [demonic ancestry]
  2961 | D:3      | Reached XP level 4. HP: 16/32 MP: 7/7
  3143 | D:3      | Found a stormy altar of Qazlal.
  3381 | D:3      | Noticed a +0 dagger
  3382 | D:3      | Noticed a +0 dagger
  3383 | D:3      | Found a hide-covered altar of Uskayaw.
  3984 | D:4      | Noticed a phantom
  4017 | D:4      | Slain by a phantom

Illustrated notes

Levels and vault maps discovered:
D:1:      dpeg_arrival_signposts, layout_loops_corners,
          ebering_ecumenical_altar_webs
D:2:      layout_loops_ring
D:3:      layout_basic, dancing_weapons_uskayaw,
          gammafunk_temple_overflow_statue, serial_glass, glass_columns_c,
          glass_columns_a
D:4:      layout_gridville, lemuel_old_faithful

Skill      XL: |  1  2  3 |
---------------+----------+-----
Stealth        | 2 |  2.5
Dodging        | 2 |  2.4
Fighting       | 1 |  1.3
Spellcasting   | |  2.6
Summonings     | |  4.4

Action                   |  1- 3 |  4- 6 || total
-------------------------+-------+-------++-------
Melee: Whip              |   154 |    51 ||   205
       Unarmed           |     5 |       ||     5
 Cast: Summon Small Mamm |    23 |     9 ||    32
       Call Imp          |    10 |     9 ||    19
 Stab: Sleeping          |     3 |       ||     3
Armor: Robe              |    33 |    12 ||    45
Dodge: Dodged            |   115 |    48 ||   163
Block: Buckler           |    25 |    19 ||    44

Table legend: (Time is in decaauts)
 A = Elapsed time spent in this place.
 B = Non-inter-level travel time spent in this place.
 C = Inter-level travel time spent in this place.
 D = Time resting spent in this place.
 E = Time spent auto-exploring this place.
 F = Levels seen in this place.
 G = Mean time per level.
                   A        B        C        D        E       F      G
               +--------+--------+--------+--------+--------+-----+--------+
         Total |   4049 |   3935 |    114 |    181 |   3017 |   4 | 1012.2 |
       Dungeon |   4049 |   3935 |    114 |    181 |   3017 |   4 | 1012.2 |
               +--------+--------+--------+--------+--------+-----+--------+

Top non-repeatable levels by time:
     D:1: 1924 daAuts
     D:3: 991 daAuts
     D:2: 971 daAuts
     D:4: 161 daAuts
